 Dungeon Crawl Stone Soup version 0.23.2-1-ga50397a (webtiles) character file.

Game seed: 12742433214289922035

242 Lickle the Distorting Demonspawn (level 5, 0/61 HPs)
             Began as a Demonspawn Abyssal Knight on Apr 23, 2019.
             Was a Believer of Lugonu.
             Succumbed to Aske's ghost's poison
             ... on level 3 of the Dungeon.
             The game lasted 00:11:16 (4086 turns).

Lickle the Distorting Demonspawn (DsAK)             Turns: 4086, Time: 00:11:16

Health: 0/61       AC: 22    Str: 13    XL:     5   Next: 82%
Magic:  11/11      EV:  2    Int: 14    God:    Lugonu [**....]
Gold:   197        SH:  0    Dex: -5 (12) Spells: 4/4 levels left

rFire    . . .     SeeInvis .   a - +1 hand axe
rCold    . . .     Gourm    .   (no shield)
rNeg     + + +     Faith    .   (armour currently unavailable)
rPois    +         Spirit   .   (helmet currently unavailable)
rElec    .         Reflect  .   (cloak currently unavailable)
rCorr    .         Harm     .   (gloves currently unavailable)
MR       .....     NoTele   +   (boots currently unavailable)
Stlth    ..........             (no amulet)
HPRegen  0.20/turn              (no ring)
MPRegen  0.12/turn              (no ring)

@: lethally poisoned (0 -> -28), tree-form, slowed, lost dexterity, very slow
A: powered by pain 1
a: Depart the Abyss, Bend Space, Renounce Religion


You were on level 3 of the Dungeon.
You worshipped Lugonu.
Lugonu was pleased with you.
You were not hungry.
You were a tree.
You visited 1 branch of the dungeon, and saw 3 of its levels.
You visited the Abyss 1 time.

You collected 197 gold pieces.

Inventory:

Hand Weapons
 a - a +1 hand axe (weapon)
Armour
 h - a +1 pair of gloves (melded)
 k - a +0 scale mail (melded)
 o - a +0 pair of boots (melded)
Jewellery
 d - a +3 ring of dexterity
Scrolls
 l - a scroll of remove curse
Potions
 i - a potion of ambrosia
 m - a potion of might
 n - a potion of magic
Comestibles
 c - 8 rations


   Skills:
 - Level 3.0 Fighting
 - Level 1.7 Axes
 - Level 1.7 Armour
 - Level 0.8 Dodging
 + Level 8.1 Invocations


You had 4 spell levels left.
You didn't know any spells.
Your spell library was empty.

Dungeon Overview and Level Annotations

Branches:
Dungeon (3/15)

Altars:

Annotations:
D:3 Aske's ghost, amateur GrMo


Innate Abilities, Weirdness & Mutations

((You are partially covered in yellow scales. (AC +2)))
You sometimes gain a little power by taking damage.


Message History

Aske's ghost hits you but does no damage.
You are more poisoned.
Aske's ghost hits you.
* * * LOW HITPOINT WARNING * * *
You are more poisoned.
Okay, then.
Okay, then.
Your surroundings suddenly seem different.
* * * LOW HITPOINT WARNING * * *
You feel very sick.
There is a lethal amount of poison in your body!
Really quaff the potion of lignification?
You turn into a tree.
Your +1 pair of gloves melds into your body.
Your +0 pair of boots melds into your body.
Your +0 scale mail melds into your body.
Your roots penetrate the ground.
* * * LOW HITPOINT WARNING * * *
You feel very sick.
You die...

#.# #####(#
###'###########.....#
#.......##......#####
#.......##......#<..#
#.[.....##.....)###.#
#.......##..........#
#..>....+...[........
#......>##.....#####'
##).♣'####.....# #..
#...'...#.)...# #..
#...###.#.....# #..
#...# #.#.....####..
#...###.#####.......
####.....#.# #.........
#..........###.........
#.....#..........######
#.....#.##.##....# #..


There were no monsters in sight!

Vanquished Creatures
  3 quasits (D:3)
  3 gnolls
  3 adders
  A dart slug (D:2)
  A leopard gecko (D:1)
  4 orcs (D:3)
  11 bats
  9 goblins
  10 hobgoblins
  14 jackals
  8 kobolds
  A ball python (D:3)
  6 frilled lizards
  A quokka skeleton (D:3)
  7 rats
82 creatures vanquished.

Notes
Turn   | Place    | Note
-------+----------+-------------------------------------------
     0 | Abyss:1  | Lickle the Demonspawn Abyssal Knight began the quest for
                  | the Orb.
     0 | Abyss:1  | Reached XP level 1. HP: 18/18 MP: 2/2
    56 | Abyss:2  | Noticed a small abomination
    66 | Abyss:2  | Noticed a large abomination
    69 | Abyss:2  | Noticed a black mamba
    73 | D:1      | Escaped the Abyss
   242 | D:1      | Reached skill level 3 in Invocations
   487 | D:1      | Reached * piety under Lugonu
   500 | D:1      | Gained mutation: You are partially covered in yellow
                  | scales. (AC +2) [demonic ancestry]
   500 | D:1      | Reached XP level 2. HP: 21/24 MP: 4/4
   674 | D:1      | Reached skill level 4 in Invocations
  1231 | D:2      | Reached XP level 3. HP: 27/29 MP: 6/6
  2085 | D:1      | Reached skill level 5 in Invocations
  2229 | D:2      | Gained mutation: You sometimes gain a little power by
                  | taking damage. [demonic ancestry]
  2229 | D:2      | Reached XP level 4. HP: 33/35 MP: 8/8
  2467 | D:2      | Reached skill level 6 in Invocations
  2468 | D:2      | Reached ** piety under Lugonu
  2950 | D:3      | Found a transporter.
  2951 | D:3      | Noticed Aske's ghost (amateur GrMo)
  2964 | D:3      | Found a transporter.
  3440 | D:3      | Reached XP level 5. HP: 41/41 MP: 10/10
  3520 | D:3      | Reached skill level 7 in Invocations
  4045 | D:3      | Lost dexterity.
  4072 | D:3      | Reached skill level 8 in Invocations
  4086 | D:3      | Succumbed to Aske's ghost's poison

Skill      XL: |  1  2  3  4  5 |
---------------+----------------+-----
Invocations    | 3 4 5 6 8 |  8.1
Fighting       | |  3.0
Axes           | |  1.7
Armour         | |  1.7
Dodging        | |  0.8

Action                   |  1- 3 |  4- 6 || total
-------------------------+-------+-------++-------
Melee: Hand axe          |   157 |   250 ||   407
Invok: Depart the Abyss  |     1 |       ||     1
  Use: Scroll            |     6 |    10 ||    16
       Potion            |     4 |     2 ||     6
  Eat: Ration            |     1 |     1 ||     2
       Chunk             |     1 |     5 ||     6
Armor: Leather armour    |     8 |       ||     8
       Scale mail        |    80 |   454 ||   534
Dodge: Dodged            |   110 |   244 ||   354
